Map: Blueshift LE

Players

BigBlue - Winner!

  • Race: Terran Terran
  • League: Bronze
  • Spawn Location: 1:00

A.I. 1 (Hard)

  • Race: Zerg Zerg
  • Spawn Location: 7:00

VOD

Have the link to the VOD?

Description

Time

  • Played on: Aug. 30, 2018, 8:18 p.m.
  • Length: 8:32
Show
View Real Time Build Order
Export as new Build Order

BigBlue Terran - Winner!

Build Orders: MMM Bio 

Get SALT Encoding   

  12  0:01  SCV  
  13  0:13  SCV  
  14  0:17  Supply Depot  
  14  0:25  SCV  
  15  0:39  SCV  
  15  0:41  Barracks  
  16  0:46  Refinery  
  16  0:51  SCV  
  17  1:03  SCV  
  18  1:15  SCV  
  19  1:27  Marine  
  19  1:29  Orbital Command  
  19  1:32  Barracks  
  20  1:52  Command Center  
  20  1:57  Barracks Tech Lab  
  20  2:08  Supply Depot  
  20  2:19  Barracks  
  20  2:30  Barracks  
  20  2:33  Barracks Reactor  
  20  2:37  Marine  
  20  2:43  SCV  
  22  2:55  Marine, SCV  
  24  3:04  Stimpack  
  24  3:07  Barracks Reactor  
  24  3:12  Marine  
  24  3:14  Supply Depot  
  24  3:19  SCV, Refinery  
  26  3:24  Orbital Command  
  26  3:34  SCV  
  27  3:37  Barracks Reactor  
  27  3:44  Factory  
  27  3:49  Engineering Bay  
  27  3:50  SCV  
  27  3:51  SCV  
  29  4:00  Bunker  
  29  4:03  SCV x2  
  29  4:05  Marine x2  
  29  4:06  Marine x2  
  35  4:16  Marine  
  35  4:17  Marine x2  
  36  4:22  Terran Infantry Weapons Level 1  
  38  4:32  Marine x4  
  38  4:35  SCV  
  38  4:36  SCV  
  44  4:41  Supply Depot  
  44  4:45  Supply Depot  
  44  4:50  Marine x4  
  44  4:52  Marine  
  49  4:54  Marine  
  49  4:56  Marine  
  49  4:59  Factory Tech Lab  
  51  5:04  Supply Depot, Starport, Combat Shields  
  51  5:09  Marine x3, Supply Depot  
  51  5:10  Marine  
  51  5:12  Marine  
  56  5:15  Marine  
  57  5:26  Marine  
  57  5:27  Marine x2  
  60  5:46  Supply Depot  
  60  5:51  Missile Turret  
  60  5:55  Missile Turret  
  60  6:00  Missile Turret  
  60  6:02  Missile Turret  
  60  6:04  Marine x4  
  60  6:05  Marine x2  
  60  6:09  Supply Depot  
  66  6:12  Marine  
  66  6:14  Siege Tank  
  70  6:18  Starport Reactor  
  70  6:24  Terran Infantry Armor Level 1  
  70  6:27  Armory  
  70  6:29  SCV  
  70  6:30  SCV  
  70  6:31  Supply Depot  
  72  6:35  Marine  
  72  6:36  Marine x3, Marauder  
  72  6:39  Marine  
  79  6:41  Marine  
  73  7:18  Marine  
  73  7:19  Marine x6  
  75  7:36  Marine x2  
  75  7:37  Marine x5  
  80  7:52  Siege Tank  
  80  7:53  Medivac x2  
  80  7:54  Marine x3  
  80  7:55  Marine x4  
  93  8:05  Refinery  
  93  8:06  Refinery  
  93  8:12  Marine x4  
  94  8:13  Marine  
Show
View Real Time Build Order
Export as new Build Order

A.I. 1 (Hard) Zerg 

Build Orders: Pool First 

Get SALT Encoding   

  12  0:00  Drone  
  13  0:12  Overlord  
  13  0:16  Drone  
  14  0:30  Drone  
  14  0:32  Drone  
  16  0:43  Spawning Pool  
  16  0:44  Drone  
  16  0:48  Drone  
  17  0:51  Extractor  
  17  0:55  Drone  
  17  1:06  Overlord  
  17  1:29  Queen  
  17  1:31  Zergling x2  
  20  1:35  Roach Warren  
  20  1:38  Drone  
  20  1:40  Extractor  
  20  1:43  Zergling x2  
  20  1:49  Drone  
  21  2:00  Drone  
  22  2:10  Overlord  
  22  2:21  Drone  
  23  2:32  Roach  
  23  2:36  Drone  
  26  2:41  Overlord  
  26  2:44  Roach  
  28  2:56  Roach  
  30  3:05  Overlord  
  30  3:08  Roach  
  32  3:21  Roach  
  34  3:33  Roach  
  36  3:34  Overlord  
  36  3:39  Drone  
  37  3:43  Drone  
  37  3:45  Roach  
  37  3:47  Drone  
  41  3:51  Drone  
  42  3:59  Drone  
  43  4:07  Baneling Nest  
  42  4:11  Roach, Drone, Evolution Chamber  
  42  4:12  Drone  
  45  4:21  Drone  
  46  4:32  Roach  
  48  4:44  Roach  
  50  4:56  Roach  
  52  5:09  Roach  
  54  6:43  Zergling x2, Overlord  
  54  6:45  Evolution Chamber  
  54  6:46  Spore Crawler  
  50  6:47  Drone  
  50  6:48  Spore Crawler  
  50  6:49  Baneling, Drone  
  50  6:53  Drone  
  28  6:55  Zergling x2  
  28  7:01  Zergling x2  
  28  7:02  Hatchery  
  28  7:06  Zergling x2  
  21  7:10  Drone  
  21  7:12  Zergling x2  
  21  7:13  Drone  
  13  7:18  Zergling x2, Drone  
  6  7:24  Zergling x2  
    8:14  Drone  
Tags
 
Composition
MMM Bio
League
Bronze
Matchup
TvZ
Opening
Pool First
Spawn Locations
Cross Positions
Add a new tag
Caveats
  • Supply blocks, unpowered buildings, or Contaminate may cause inaccurate times.
  • Supply counts are checked every 10 seconds.